Map: Catalyst LE

Players

Nuks - Winner!

  • Race: Terran Terran
  • League: Master
  • Spawn Location: 5:00

PhyNix

  • Race: Terran Terran
  • League: Diamond
  • Spawn Location: 11:00

VOD

Have the link to the VOD?

Description

Time

  • Played on: Feb. 2, 2018, 8:38 a.m.
  • Length: 14:51
Show
View Real Time Build Order
Export as new Build Order

Nuks Terran - Winner!

Build Orders: Reaper Expand, MMM Bio 

Get SALT Encoding   

  12  0:01  SCV  
  13  0:13  SCV  
  14  0:17  Supply Depot  
  14  0:27  SCV  
  15  0:29  Refinery  
  15  0:39  SCV  
  16  0:46  Barracks  
  16  0:51  SCV  
  17  1:03  SCV  
  18  1:15  SCV  
  19  1:33  Orbital Command, Reaper  
  20  1:45  Command Center  
  20  2:01  Factory  
  20  2:07  Barracks Reactor  
  20  2:09  SCV  
  21  2:15  Supply Depot  
  21  2:25  SCV  
  21  2:27  Refinery  
  22  2:37  SCV  
  23  2:46  Starport, Marine x2  
  23  2:47  Hellion  
  27  2:51  SCV  
  28  3:04  Marine  
  28  3:05  Marine  
  30  3:08  SCV  
  30  3:20  SCV  
  30  3:23  Orbital Command  
  30  3:24  Marine x2  
  33  3:32  SCV  
  33  3:34  Cyclone  
  37  3:36  Viking  
  39  3:44  Supply Depot  
  39  3:45  Marine  
  39  3:47  Marine  
  41  3:49  SCV  
  42  3:57  SCV  
  42  4:02  SCV  
  44  4:03  Marine  
  44  4:05  Marine  
  44  4:06  Factory Tech Lab  
  44  4:08  Starport Tech Lab  
  47  4:10  SCV  
  47  4:13  Engineering Bay  
  47  4:14  SCV  
  48  4:22  Supply Depot, SCV  
  49  4:29  Barracks  
  49  4:33  Factory Reactor  
  49  4:36  Stimpack  
  49  4:37  SCV, Starport Reactor  
  50  4:38  Barracks  
  50  4:39  SCV  
  50  4:43  Terran Infantry Weapons Level 1  
  51  4:49  SCV  
  51  4:51  SCV  
  53  4:57  Marine  
  53  4:59  Supply Depot  
  54  5:01  SCV  
  54  5:03  SCV  
  54  5:07  Missile Turret  
  56  5:13  SCV  
  57  5:15  SCV  
  53  5:25  SCV  
  53  5:27  SCV  
  55  5:30  Missile Turret  
  55  5:36  Marine x2, Medivac x2  
  55  5:38  SCV, Marine  
  55  5:39  SCV  
  55  5:40  Siege Tank  
  67  5:46  Supply Depot  
  67  5:47  Supply Depot  
  67  5:50  SCV  
  67  5:51  SCV  
  69  6:00  Marine  
  70  6:07  SCV x2, Marine x4  
  76  6:12  Cyclone  
  79  6:21  Refinery  
  79  6:22  Refinery  
  79  6:25  Marine  
  80  6:26  SCV x2  
  80  6:27  Command Center, Marine  
  80  6:28  Marine  
  84  6:33  Supply Depot  
  84  6:36  Supply Depot  
  84  6:37  Combat Shields  
  84  6:38  SCV  
  84  6:54  Marine x5  
  82  7:12  Marine x5  
  82  7:14  Medivac  
  82  7:15  Medivac  
  85  7:20  Barracks x2  
  80  7:25  Terran Infantry Armor Level 1  
  80  7:27  SCV x2  
  80  7:29  Marine  
  82  7:32  Factory Tech Lab  
  82  7:36  Marine x4  
  87  7:39  SCV x2  
  88  7:47  Marine  
  89  7:51  SCV x2  
  89  7:53  Marine  
  89  7:54  Marine x3  
  89  7:58  Medivac x2  
  99  8:05  Marine  
  99  8:11  Barracks Reactor, Marine  
  99  8:12  Marine x3  
  104  8:16  SCV x2  
  104  8:17  Orbital Command  
  104  8:19  Siege Tank  
  109  8:23  Marine  
  108  8:28  Marine, SCV x2, Medivac x2  
  108  8:29  Marine x2  
  117  8:41  Armory  
  117  8:43  Engineering Bay  
  117  8:46  SCV  
  117  8:47  Marine  
  117  8:48  SCV, Marine  
  117  8:49  Marine x2  
  117  8:50  Marine x2  
  117  8:55  Marine x2  
  114  8:58  SCV  
  114  9:00  SCV  
  114  9:01  Missile Turret  
  107  9:04  Marine  
  107  9:06  Marine  
  107  9:07  Marine x2  
  107  9:08  Marine x2  
  105  9:12  SCV, Marine  
  105  9:13  Marine  
  99  9:19  SCV  
  100  9:24  SCV  
  100  9:29  Marine x5  
  100  9:30  Marine x3  
  108  9:31  SCV  
  109  9:45  SCV x2  
  106  9:47  Marine x6  
  106  9:48  Marine  
  106  9:57  SCV  
  106  9:58  Marine  
  108  10:01  SCV  
  109  10:23  Supply Depot x2  
  109  10:26  Siege Tank, SCV x2, Medivac x2  
  109  10:28  Supply Depot  
  117  10:37  Factory  
  117  10:44  SCV, Marine x4  
  117  10:49  Command Center  
  122  10:56  SCV, Medivac x2  
  127  10:58  Siege Tank, Marine  
  127  10:59  Marine x3  
  127  11:00  SCV x2  
  127  11:02  Refinery x2, Marine x4  
  140  11:23  Terran Infantry Weapons Level 2, Terran Infantry Armor Level 2, Terran Vehicle Weapons Level 1  
  139  11:28  SCV, Marine  
  141  11:49  Marine  
  141  11:50  Marine x2  
  141  11:55  Marine  
  141  11:56  Marine  
  141  11:58  Marine x3  
  134  12:07  Marine  
  134  12:08  Marine x2  
  122  12:12  Marine  
  122  12:14  Marine  
  122  12:15  Siege Tank  
  121  12:16  Marine x3  
  123  12:25  Marine x3  
  126  12:30  Marine  
  126  12:32  Marine  
  126  12:33  SCV x3  
  126  12:34  Marine x3  
  126  12:36  Factory Tech Lab  
  134  12:37  Barracks  
  134  12:41  Barracks  
  134  12:43  Marine x3  
  129  12:47  Siege Tank  
  129  12:48  Marine  
  124  13:00  Medivac x2  
  124  13:01  Siege Tank  
  130  13:11  Marine x6  
  136  13:16  Marine x2  
  136  13:19  Siege Tank  
  141  13:28  Marine  
  141  13:29  Marine x4  
  141  13:34  Siege Tank  
  142  13:49  Marine  
  142  13:50  Marine x6  
  142  13:51  Siege Tank  
  151  14:06  Siege Tank  
  151  14:15  Marine x2  
  151  14:16  Marine x4  
  156  14:31  Marine x2  
Show
View Real Time Build Order
Export as new Build Order

PhyNix Terran 

Build Orders: Cyclone Opening, Reaper Expand, Mech 

Get SALT Encoding   

  12  0:00  SCV  
  13  0:13  SCV  
  14  0:17  Supply Depot  
  14  0:25  SCV  
  14  0:27  Refinery  
  15  0:39  SCV  
  16  0:46  Barracks  
  16  0:51  SCV  
  17  1:03  SCV  
  18  1:15  SCV  
  19  1:33  Orbital Command, Reaper  
  20  1:49  Command Center  
  20  1:58  SCV  
  21  2:07  Barracks Reactor  
  21  2:08  Factory  
  21  2:11  SCV  
  22  2:17  Supply Depot  
  21  2:24  SCV  
  21  2:26  Refinery  
  22  2:36  SCV  
  23  2:49  Marine x2  
  25  2:52  Cyclone  
  28  3:01  Orbital Command  
  27  3:09  Marine x2  
  29  3:18  SCV, Starport  
  30  3:26  Hellion  
  32  3:32  Marine x2  
  34  3:38  SCV x2  
  36  3:42  Engineering Bay  
  36  3:46  Supply Depot  
  36  3:50  SCV, Marine  
  38  4:00  Medivac  
  38  4:01  Factory Tech Lab  
  41  4:02  SCV  
  41  4:03  SCV  
  41  4:09  Bunker  
  42  4:15  SCV x2  
  46  4:20  Siege Tank  
  47  4:27  Factory  
  48  4:31  SCV x2  
  48  4:33  Refinery  
  48  4:34  Refinery  
  49  4:40  Supply Depot  
  49  4:44  SCV  
  50  4:47  Viking  
  50  4:49  SCV  
  53  4:56  SCV  
  54  5:02  Siege Tank  
  54  5:03  SCV  
  58  5:08  SCV  
  58  5:09  Supply Depot  
  59  5:15  SCV  
  57  5:27  SCV  
  57  5:28  SCV  
  59  5:30  Cyclone x2  
  59  5:32  Supply Depot  
  65  5:43  Command Center  
  65  5:47  Siege Tank  
  69  5:50  SCV x2  
  69  5:53  Viking  
  72  6:01  Missile Turret  
  72  6:10  Cyclone x2  
  78  6:24  Supply Depot  
  78  6:25  Starport Reactor  
  78  6:31  Supply Depot  
  78  6:32  Armory  
  78  6:44  SCV x2  
  78  6:46  Siege Tank  
  79  6:50  Hellion x2  
  79  6:59  Orbital Command  
  73  7:05  Liberator x2  
  73  7:11  Hellion  
  73  7:12  Hellion  
  83  7:25  SCV x2  
  85  7:31  Factory  
  85  7:34  Factory, Marine  
  86  7:40  Orbital Command  
  79  7:52  Siege Tank  
  79  7:53  Hellion x2  
  84  8:05  Viking x2  
  88  8:13  Terran Vehicle Weapons Level 1  
  88  8:14  Hellion x2, SCV x2  
  88  8:15  SCV, Supply Depot  
  88  8:19  Factory Tech Lab x2  
  95  8:22  Supply Depot  
  95  8:24  Siege Tank  
  95  8:26  SCV x2  
  100  8:43  Viking x2  
  100  8:44  Siege Tank x2  
  96  8:56  Siege Tank  
  96  9:01  SCV x3  
  85  9:16  SCV x3  
  68  9:22  Siege Tank  
  68  9:23  Hellion x2  
  75  9:28  SCV  
  73  9:33  Siege Tank  
  73  9:34  SCV x2  
  73  9:36  Refinery  
  73  9:37  Refinery  
  78  9:42  Marine  
  73  9:54  Siege Tank x2  
  73  9:55  Hellion x2  
  76  10:05  Hellion  
  76  10:16  Hellion  
  76  10:17  Missile Turret  
  76  10:19  Terran Vehicle And Ship Armor Level 1  
  76  10:20  Missile Turret  
  78  10:26  Siege Tank  
  81  10:35  Orbital Command  
  81  10:37  Missile Turret  
  81  10:40  Siege Tank x2  
  87  10:48  SCV x2  
  89  10:58  Siege Tank  
  92  11:12  Siege Tank x2  
  92  11:15  SCV  
  92  11:16  SCV  
  100  11:21  Refinery  
  100  11:38  Missile Turret  
  100  11:40  SCV x2, Sensor Tower  
  100  11:41  SCV, Sensor Tower  
  90  12:05  Siege Tank x3  
  90  12:06  Hellion x2  
  86  12:14  Viking  
  74  12:29  Viking  
  64  12:37  Siege Tank  
  64  12:38  Siege Tank  
  63  13:04  Siege Tank  
  63  13:05  Hellion x2  
  70  13:09  Siege Tank  
  73  13:25  Siege Tank  
  56  14:11  Orbital Command  
Tags
 
Add a new tag
Caveats
  • Supply blocks, unpowered buildings, or Contaminate may cause inaccurate times.
  • Supply counts are checked every 10 seconds.